 Dungeon Crawl Stone Soup version 0.26-a0-1164-g1a551d6a14 (webtiles) character file.

Game seed: 2027598553613676042

201 tilp the Insei (level 5, -7/34 HPs)
             Began as an Octopode Transmuter on Dec 23, 2020.
             Mangled by Sigmund
             ... wielding a +0 scythe
              (10 damage)
             ... on level 3 of the Dungeon.
             The game lasted 00:05:47 (3856 turns).

tilp the Insei (Octopode Transmuter)                Turns: 3856, Time: 00:05:47

Health: -7/34      AC:  3    Str:  6 (7)  XL:     5   Next: 79%
Magic:  8/8        EV: 13    Int: 14 (16) God:
Gold:   218        SH:  0    Dex: 11 (13) Spells: 3/9 levels left

rFire    . . .     SeeInvis .     - Unarmed
rCold    . . .     Faith    .   (no shield)
rNeg     . . .     Spirit   .   (helmet restricted)
rPois    .         Reflect  .   (no amulet)
rElec    .         Harm     .   (no ring)
rCorr    .         Rampage  .   (no ring)
Will     .....                  (no ring)
Stlth    ++........             (no ring)
HPRegen  0.11/turn              (no ring)
MPRegen  0.11/turn              (no ring)
                                (no ring)
                                (no ring)

@: confused, mighty, berserk cooldown, hasted and slowed
A: almost no armour, stealthy swim, amphibious, 8 rings, constrict 8, icy blue
scales 1, camouflage 1, weak 1, gelatinous body 1, MP-powered wands
a: no special abilities


You were on level 3 of the Dungeon.
You visited 1 branch of the dungeon, and saw 4 of its levels.

You collected 218 gold pieces.

Inventory:

Missiles
 b - 136 stones
 f - 17 poisoned darts (quivered)
Scrolls
 a - 2 scrolls of fog
 c - a scroll of teleportation {unknown}
 d - a scroll of identify {unknown}
 g - a scroll of amnesia {unknown}
 j - 3 scrolls of remove curse
 m - a scroll of enchant armour {unknown}
Potions
 h - a potion of haste
 k - 2 potions of might
 l - a potion of flight {unknown}
 n - a potion of magic {unknown}
 o - a potion of mutation


   Skills:
 - Level 2.0 Fighting
 - Level 2.0 Dodging
 - Level 4.0 Stealth
 - Level 4.0 Unarmed Combat
 + Level 2.6 Spellcasting
 + Level 2.7 Transmutations
 + Level 1.9 Poison Magic


You had 3 spell levels left.
You knew the following spells:

 Your Spells              Type           Power        Failure   Level
a - Beastly Appendage     Tmut           18%          8%          1
b - Wereblood             Tmut           9%           11%         2
c - Spider Form           Tmut/Pois      4%           26%         3

Your spell library contained the following spells:

 Spells                   Type           Power        Failure   Level
 Ice Form                 Ice/Tmut       5%           77%         4
 Blade Hands              Tmut           4%           90%         5


Dungeon Overview and Level Annotations

Branches:
Dungeon (4/15)
 Temple: D:4-7

Altars:
Okawaru

Annotations:
D:2 1 runed translucent door, Crazy Yiuf
D:3 Sigmund


Innate Abilities, Weirdness & Mutations

You cannot wear most types of armour.
You are very stealthy in the water. (Stealth+)
You are amphibious.
You can wear up to eight rings at the same time.
You can use your tentacles to constrict eight enemies at once.
Your skin changes colour to match your surroundings (Stealth+).
Your rubbery body absorbs attacks. (AC +1, EV +1)
You are partially covered in icy blue scales. (AC +2)
You are weak. (Str -2)
You expend magic power (3 MP) to strengthen your wands.


Message History

Sigmund points at you and mumbles some strange words.
You are more confused.
You're too confused to move!
You feel your anger nearly subside. Sigmund barely misses you.
You bludgeon Sigmund!
Sigmund is heavily wounded.
You miss Sigmund.
Sigmund is heavily wounded.
Sigmund hits you with a +0 scythe.
You are no longer berserk.
You are exhausted.
You feel yourself slow down. Sigmund hits you with a +0 scythe!
* * * LOW HITPOINT WARNING * * *
You miss Sigmund.
Sigmund is heavily wounded.
Sigmund hits you but does no damage. Sigmund hits you with a +0 scythe!
You die...

....# #...##<..#########....#.#.
....# #...####....@....#.##.....
....# #...# #....####.#.##.#.##
....# #...# #########.#..).....
....# #..)# #.......#.#.##.###.
....# #...# #.......#..........
....####...####.......###.####.##
....'..'...'..'.......>...####.##
....####...####.@@.....##........
##### #...# #........###.......
##### #........###..#..##
#........##........
#........##.#......
########.##.##...#. #.##.##@....
####### #.##.###...# #.....#
#.##.# #...#


You could see Sigmund.

Vanquished Creatures
  Jessica (D:2)
  Natasha (thrice) (D:3)
  4 adders (D:2)
  An ufetubus (D:2)
  An adder zombie (D:3)
  A worm (D:3)
  A dart slug (D:2)
  2 leopard geckos (D:2)
  2 orcs (D:3)
  5 giant cockroaches
  5 goblins
  2 hobgoblins (D:3)
  9 kobolds
  4 bats
  3 frilled lizards
  9 rats
53 creatures vanquished.

Vanquished Creatures (others)
  3 plants (D:2)
3 creatures vanquished.

Grand Total: 56 creatures vanquished

Notes
Turn   | Place    | Note
-------+----------+-------------------------------------------
     0 | D:1      | tilp the Octopode Transmuter began the quest for the Orb.
     0 | D:1      | Reached XP level 1. HP: 13/13 MP: 3/3
   212 | D:1      | Reached skill level 1 in Stealth
   281 | D:1      | Reached XP level 2. HP: 18/18 MP: 1/5
   284 | D:1      | Learned a level 2 spell: Wereblood
  1283 | D:2      | Reached XP level 3. HP: 21/24 MP: 4/6
  1287 | D:2      | Learned a level 3 spell: Spider Form
  1635 | D:2      | Noticed Jessica
  1643 | D:2      | Killed Jessica
  1644 | D:2      | Reached XP level 4. HP: 11/29 MP: 5/7
  1935 | D:2      | Found a runed translucent door.
  1936 | D:2      | Noticed Crazy Yiuf
  2652 | D:3      | Noticed Natasha
  2660 | D:3      | Killed Natasha
  2661 | D:3      | Reached XP level 5. HP: 7/34 MP: 8/8
  2933 | D:3      | Reached skill level 1 in Poison Magic
  3042 | D:3      | Noticed Sigmund
  3164 | D:3      | Found an iron altar of Okawaru.
  3455 | D:3      | Noticed Natasha
  3469 | D:3      | Killed Natasha
  3542 | D:3      | Noticed Natasha
  3552 | D:3      | Killed Natasha
  3844 | D:3      | Gained mutation: You are weak. (Str -2) [potion of
                  | mutation]
  3844 | D:3      | Gained mutation: You expend magic power (3 MP) to
                  | strengthen your wands. [potion of mutation]
  3844 | D:3      | Gained mutation: You are partially covered in icy blue
                  | scales. (AC +2) [potion of mutation]
  3856 | D:3      | Mangled by Sigmund

Illustrated notes

Levels and vault maps discovered:
D:1:      lightli_arrival_statue_moat, layout_basic
D:2:      layout_basic, supply_closet_lemuel, lexackson_kobold_supper,
          uniq_crazy_yiuf_cottage, uniq_jessica
D:3:      layout_basic, nicolae_overflow_crystal_walls, minmay_diced_spiral,
          uniq_natasha, uniq_sigmund
D:4:      layout_rooms, tgw_trog

Skill      XL: |  1  2  3  4  5 |
---------------+----------------+-----
Stealth        | 1 3 4 |  4.0
Fighting       | 2 |  2.0
Unarmed Combat | 4 |  4.0
Poison Magic   | 1 |  1.9
Dodging        | |  2.0
Spellcasting   | |  2.6
Transmutations | |  2.7

Action                   |  1- 3 |  4- 6 || total
-------------------------+-------+-------++-------
Melee: Unarmed           |    43 |    55 ||    98
       Constrict         |    11 |    16 ||    27
       Kick              |     4 |    16 ||    20
       Tentacles         |     4 |     7 ||    11
       Punch             |       |     4 ||     4
Throw: Stone             |    30 |       ||    30
       Dart              |    21 |    43 ||    64
 Cast: Beastly Appendage |    20 |    18 ||    38
       Wereblood         |       |     4 ||     4
  Use: Scroll            |     1 |     2 ||     3
       Potion            |       |     5 ||     5
 Stab: Sleeping          |     1 |     4 ||     5
Armor: Skin              |     5 |     6 ||    11
Dodge: Dodged            |    27 |    28 ||    55

Table legend: (Time is in decaauts)
 A = Elapsed time spent in this place.
 B = Non-inter-level travel time spent in this place.
 C = Inter-level travel time spent in this place.
 D = Time resting spent in this place.
 E = Time spent auto-exploring this place.
 F = Levels seen in this place.
 G = Mean time per level.
                   A        B        C        D        E       F      G
               +--------+--------+--------+--------+--------+-----+--------+
         Total |   3861 |   3682 |    179 |    627 |   2548 |   4 |  965.2 |
       Dungeon |   3861 |   3682 |    179 |    627 |   2548 |   4 |  965.2 |
               +--------+--------+--------+--------+--------+-----+--------+

Top non-repeatable levels by time:
     D:2: 1531 daAuts
     D:3: 1178 daAuts
     D:1: 1149 daAuts
     D:4: 1 daAuts
